 Dungeon Crawl Stone Soup version 0.18.1-48-g4cf74bf (webtiles) character file.

62967 Alarkh the Impaler (level 14, -10/103 HPs)
             Began as a Mummy Skald on Aug 1, 2016.
             Was an Initiate of Gozag.
             Shot with an arrow by Nessos (22 damage)
             ... on level 6 of the Lair of Beasts.
             The game lasted 00:43:49 (19023 turns).

Alarkh the Impaler (Mummy Skald)                   Turns: 19023, Time: 00:43:50

Health: -10/103    AC: 27    Str: 17    XL:     14   Next: 66%
Magic:  21/26      EV: 12    Int: 15    God:    Gozag
Gold:   3862       SH:  0    Dex: 11    Spells: 6 memorised, 18 levels left

rFire  . . .     SeeInvis +     a - +5 trident (freeze)
rCold  . . .     Gourm    .     C - +4 scale mail "Geddir" {Slay+3}
rNeg   + + +     Faith    .     (no shield)
rPois  ∞         Spirit   .     c - +2 helmet {SInv}
rElec  .         Dismiss  .     v - +1 cloak
rCorr  .         Reflect  .     z - +2 pair of gloves
SustAt .         Harm     .     r - +0 pair of boots
MR     +....                    j - amulet of regeneration
Stlth  ..........               u - ring of fire
                                k - +6 ring of protection

@: about to teleport, gold aura, very slightly contaminated, somewhat resistant
to hostile enchantments, extremely unstealthy
A: no food or potions, fire vulnerability, cold resistance 1, negative energy
resistance 3, torment resistance, unbreathing, in touch with death 1, restore
body
a: Self-Restoration, Potion Petition, Call Merchant, Bribe Branch, Renounce
Religion


You were on level 6 of the Lair of Beasts.
You worshipped Gozag.
Gozag was noncommittal.
You were not hungry.

You visited 3 branches of the dungeon, and saw 19 of its levels.

You collected 6280 gold pieces.
You spent 814 gold pieces at shops.
You paid 1604 gold pieces to Gozag.

Inventory:

Hand Weapons
 a - a +5 trident of freezing (weapon)
Armour
 c - a +2 helmet of see invisible (worn)
 r - a +0 pair of boots (worn)
 v - a +1 cloak (worn)
 z - a +2 pair of gloves (worn)
 C - the +4 scale mail "Geddir" (worn) {Slay+3}
   (You found it on level 7 of the Dungeon)

   It affects your accuracy and damage with ranged weapons and melee attacks
   (+3).
Jewellery
 f - a +5 ring of intelligence
 j - an amulet of regeneration (around neck)
 k - a +6 ring of protection (left hand)
 o - an uncursed ring of protection from magic
 t - an uncursed ring of resist corrosion
 u - a ring of fire (right hand)
 D - an uncursed ring of stealth
Wands
 g - a wand of lightning (5/15)
 n - a wand of paralysis (13/24)
 E - a wand of hasting (5/9)
 F - a wand of disintegration (21/24)
 G - a wand of iceblast (9/15)
Scrolls
 b - a scroll of immolation
 d - a scroll of fear
 e - 4 scrolls of magic mapping
 h - 7 scrolls of identify
 i - 6 scrolls of remove curse
 l - 2 scrolls of enchant armour
 q - 2 scrolls of vulnerability
 s - 3 scrolls of recharging
 x - 2 scrolls of amnesia
 y - a scroll of teleportation
 A - a scroll of brand weapon
 B - a scroll of blinking
 I - a scroll of silence
Books
 m - a book of Changes

   Spells                             Type                      Level
   a - Beastly Appendage              Transmutation                1
   b - Sticks to Snakes               Transmutation                2
   c - Spider Form                    Transmutation/Poison         3
   d - Ice Form                       Ice/Transmutation            4
   e - Blade Hands                    Transmutation                5
 p - a book of Geomancy

   Spells                             Type                      Level
   a - Sandblast                      Earth                        1
   b - Passwall                       Transmutation/Earth          2
   c - Stone Arrow                    Conjuration/Earth            3
   d - Petrify                        Transmutation/Earth          4
   e - Lee's Rapid Deconstruction     Earth                        5
 w - a book of Spatial Translocations

   Spells                             Type                      Level
   a - Apportation                    Translocation                1
   b - Blink                          Translocation                2
   c - Shroud of Golubria             Charms/Translocation         2
   d - Portal Projectile              Translocation                3
   e - Teleport Other                 Translocation                3
   f - Passage of Golubria            Translocation                4


   Skills:
 + Level 7.5 Fighting
 - Level 16.0 Polearms
 + Level 6.0 Armour
 + Level 6.0 Dodging
 - Level 8.1 Spellcasting
 - Level 8.0 Charms


You had 18 spell levels left.
You knew the following spells:

 Your Spells              Type           Power        Failure   Level  Hunger
a - Spectral Weapon       Hex/Chrm       ###.....     21%         3    N/A
b - Blink                 Tloc           N/A          56%         2    N/A
c - Infusion              Chrm           ####         1%          1    N/A
d - Passwall              Trmt/Erth      #.........   56%         2    N/A
e - Shroud of Golubria    Chrm/Tloc      ###.......   12%         2    N/A
f - Apportation           Tloc           #.........   34%         1    N/A

Dungeon Overview and Level Annotations

Branches:
Dungeon (10/15)            Temple (1/1) D:4            Lair (8/8) D:10
  Swamp (0/4) Lair:6       Spider (0/4) Lair:5        Slime (0/6) Lair:8
    Orc: D:9-12

Altars:
Ashenzari
Cheibriados
Dithmenos
Elyvilon
Fedhas
Gozag
Kikubaaqudgha
Makhleb
Nemelex Xobeh
Okawaru
Pakellas
Qazlal
Ru
Sif Muna
Trog
Vehumet
Xom
Yredelemnul
Zin
The Shining One

Shops:
D:4 *   Lair:2 [[

Annotations:
Lair:6 Nessos, Rupert


Innate Abilities, Weirdness & Mutations

You do not eat or drink.
Your flesh is vulnerable to fire.
You are immune to poison.
Your flesh is cold resistant.
You are immune to negative energy.
You are immune to unholy pain and torment.
You can survive without breathing.
You are in touch with the powers of death.
You can restore your body by infusing magical energy.


Message History

The basilisk seems to slow down.
Your spectral weapon freezes the basilisk.
Read which item? (? for menu, Esc to quit)
As you read the scroll of teleportation, it crumbles to dust.
You feel strangely unstable.
The basilisk bites your spectral weapon!
Your spectral weapon shares its damage with you!
* * * LOW HITPOINT WARNING * * *
You catch the helpless basilisk momentarily off-guard.
You impale the basilisk!!
The basilisk seems to slow down.
You freeze the basilisk.
You kill the basilisk!
Nessos shoots an arrow.
The arrow hits you!
* * * LOW HITPOINT WARNING * * *
The arrow burns you.
* * * LOW HITPOINT WARNING * * *
Nessos shoots an arrow.
The arrow barely misses you.
Nessos shoots an arrow.
The arrow hits you!!
You die...
Your body crumbles into a pile of gold.

,****##..#####...........##
***,.#.P.#..#.#..........P#
,,,,.......P#.............#
,,,.....c....#............#
,..#(.......#.P........P#.#
,.,.#...#(.............####
,*...#..................#
,,,,..#.................#
,,,*...##....l##@.....###
,,,*.,,#...##(#.(....##
,,,,,,#......c$...#..#### **#
,,,,,#..................###*###.#
,,,,#..#.................P##.....
,,,*....#........................
,,,,,,.........................(.
,,,,,,...........................
,,,,,,..%........................


You could see Nessos and a friendly spectral trident of freezing.

Vanquished Creatures
  Maud (Lair:6)
  Snorg (Lair:5)
  7 hydras
  An anaconda (Lair:5)
  9 death yaks
  Urug (D:10)
  Nergalle (D:10)
  An unseen horror (D:7)
  The ghost of junkhipster the Skirmisher, a novice GrFi of Cheibriados (D:6)
  A griffon (Lair:5)
  2 wolf spiders (Lair:4)
  15 elephants
  11 black mambas
  A centaur zombie (D:10)
  11 spiny frogs
  Joseph (D:10)
  A gargoyle (D:10)
  6 komodo dragons
  A rime drake (Lair:7)
  A troll (D:9)
  10 polar bears
  Prince Ribbit (D:8)
  21 blink frogs
  A boulder beetle (Lair:7)
  4 raiju (Lair:8)
  The ghost of junkhipster the Covered, an amateur GrFi (D:3)
  2 slime creatures (Lair:8)
  A redback (Lair:5)
  The ghost of Heedrag the Conjurer, an amateur DECj (D:5)
  45 yaks
  3 basilisks
  2 hungry ghosts
  A steam dragon (D:7)
  7 hippogriffs
  7 wargs (Lair:8)
  Menkaure (D:4)
  4 hell hounds (Lair:8)
  17 water moccasins
  8 porcupines
  4 sky beasts
  7 orc warriors
  A phantom (D:10)
  A wasp (Lair:4)
  16 black bears
  29 wolves
  6 centaurs
  15 crocodiles
  6 ogres
  A big kobold (D:8)
  15 giant frogs
  2 scorpions
  3 killer bees
  10 wights
  4 howler monkeys
  An electric eel (Lair:6)
  A giant frog zombie (D:7)
  6 crimson imps
  A gnoll shaman (D:8)
  17 hounds
  A giant frog skeleton (D:5)
  7 orc priests
  2 centaur skeletons
  4 jellies
  Crazy Yiuf (D:5)
  8 iguanas
  8 orc wizards
  4 worker ants
  14 sheep
  A hound zombie (D:7)
  A hound skeleton (D:4)
  A worker ant zombie (D:7)
  15 gnolls
  24 adders
  82 river rats
  2 worms
  2 dart slugs
  5 giant geckos
  39 orcs
  6 giant cockroaches
  12 goblins
  5 hobgoblins
  24 jackals
  14 kobolds
  3 quokkas
  3 ball pythons
  4 bats
  A giant cockroach zombie (D:6)
  A giant gecko skeleton (D:4)
  2 giant newts (D:5)
  A quokka skeleton (D:9)
  8 rats
  3 fungi
  2 plants
667 creatures vanquished.

Vanquished Creatures (others)
  2 bushes (Lair:8)
  27 fungi
  18 plants
  16 spectral weapons
63 creatures vanquished.

Grand Total: 730 creatures vanquished

Notes
Turn   | Place    | Note
--------------------------------------------------------------
     0 | D:1      | Alarkh the Mummy Skald began the quest for the Orb.
     0 | D:1      | Reached XP level 1. HP: 16/16 MP: 3/3
    78 | D:1      | Reached skill level 2 in Polearms
   237 | D:1      | Reached XP level 2. HP: 12/22 MP: 0/5
  1108 | D:2      | Reached skill level 3 in Polearms
  1108 | D:2      | Reached XP level 3. HP: 27/27 MP: 2/6
  1524 | D:2      | Reached XP level 4. HP: 33/33 MP: 2/7
  1676 | D:2      | Found a glowing golden altar of the Shining One.
  1727 | D:2      | Reached skill level 4 in Polearms
  2143 | D:3      | Found a faded altar to an unknown god.
  2180 | D:2      | Reached XP level 5. HP: 34/38 MP: 0/8
  2368 | D:3      | Found a deep blue altar of Sif Muna.
  2453 | D:3      | Found a shadowy altar of Dithmenos.
  2604 | D:3      | Reached skill level 5 in Polearms
  2635 | D:3      | Reached XP level 6. HP: 39/44 MP: 4/9
  2829 | D:3      | Learned a level 2 spell: Shroud of Golubria
  2842 | D:3      | Learned a level 3 spell: Spectral Weapon
  2873 | D:3      | Noticed junkhipster's ghost (amateur GrFi)
  2961 | D:3      | Reached skill level 6 in Polearms
  3613 | D:3      | Reached XP level 7. HP: 50/50 MP: 1/10
  3851 | D:4      | Found a staircase to the Ecumenical Temple.
  3867 | Temple   | Entered the Ecumenical Temple
  4106 | Temple   | Became a worshipper of Gozag Ym Sagoz the Greedy
  4159 | D:4      | Found Puatular's General Store.
  4167 | D:4      | Bought a +0 pair of boots for 63 gold pieces
  4216 | D:4      | Reached skill level 7 in Polearms
  4313 | D:4      | Noticed Menkaure
  4550 | D:4      | Noticed a moth of wrath
  4600 | D:4      | Killed Menkaure
  4637 | D:4      | Found a bloodstained altar of Trog.
  4742 | D:5      | Entered Level 5 of the Dungeon
  4832 | D:5      | Reached XP level 8. HP: 23/56 MP: 4/11
  4868 | D:3      | Reached skill level 8 in Polearms
  5075 | D:5      | Noticed Heedrag's ghost (amateur DECj)
  5319 | D:6      | Reached skill level 9 in Polearms
  5331 | D:6      | Noticed junkhipster's ghost (novice GrFi)
  5735 | D:5      | Killed Heedrag's ghost
  6574 | D:5      | Noticed Crazy Yiuf
  6585 | D:5      | Killed Crazy Yiuf
  6585 | D:5      | Reached skill level 10 in Polearms
  6656 | D:4      | Bought a +2 pair of gloves for 231 gold pieces
  6656 | D:4      | Bought a scroll of recharging for 133 gold pieces
  6757 | D:3      | Found a faded altar to an unknown god.
  6926 | D:3      | Found a deep blue altar of Sif Muna.
  6979 | D:3      | Found a shadowy altar of Dithmenos.
  7009 | D:3      | Reached XP level 9. HP: 54/61 MP: 8/12
  7278 | D:3      | Killed junkhipster's ghost
  7687 | D:8      | Reached skill level 11 in Polearms
  7913 | D:8      | Noticed Prince Ribbit
  8260 | D:7      | Reached XP level 10. HP: 53/67 MP: 5/14
  8323 | D:7      | Killed an unseen horror
  8429 | D:6      | Found a radiant altar of Vehumet.
  8571 | D:6      | Killed junkhipster's ghost
  8613 | D:6      | You fall through a shaft!
  8807 | D:6      | Found a bloodstained altar of Trog.
  9365 | D:7      | Got a smelly scale mail
  9366 | D:7      | Identified the +4 scale mail "Geddir" {Slay+3} (You found it on level 7 of the Dungeon)
  9406 | D:8      | Reached skill level 12 in Polearms
  9632 | D:8      | Killed Prince Ribbit
  9719 | D:9      | Reached skill level 5 in Charms
  9782 | D:9      | Reached skill level 5 in Spellcasting
  9999 | D:9      | Found a sparkling altar of Nemelex Xobeh.
 10000 | D:9      | Found an ancient bone altar of Kikubaaqudgha.
 10000 | D:9      | Found a snail-covered altar of Cheibriados.
 10000 | D:9      | Found an iron altar of Okawaru.
 10490 | D:10     | Entered Level 10 of the Dungeon
 10500 | D:10     | Noticed Urug
 10509 | D:10     | Killed Urug
 10509 | D:10     | Reached XP level 11. HP: 30/72 MP: 12/19
 10726 | D:10     | Noticed Joseph
 10738 | D:10     | Killed Joseph
 10752 | D:10     | Found a staircase to the Lair.
 10901 | D:10     | Noticed Nergalle
 10915 | D:10     | Killed Nergalle
 11206 | Lair:1   | Entered Level 1 of the Lair of Beasts
 11643 | Lair:1   | Reached skill level 13 in Polearms
 12005 | Lair:1   | Reached XP level 12. HP: 78/78 MP: 17/23
 12130 | Lair:2   | Bought a +2 helmet of see invisible for 387 gold pieces
 13815 | Lair:4   | Reached skill level 14 in Polearms
 13833 | Lair:4   | Noticed a seven-headed hydra
 13839 | Lair:4   | Killed a seven-headed hydra
 13984 | Lair:4   | Learned a level 2 spell: Passwall
 14375 | Lair:4   | Noticed a six-headed hydra
 14382 | Lair:4   | Noticed a seven-headed hydra
 14386 | Lair:4   | Killed a six-headed hydra
 14386 | Lair:4   | Gained mutation: You are in touch with the powers of death. [Mummy growth]
 14386 | Lair:4   | Gained mutation: You can restore your body by infusing magical energy. [Mummy growth]
 14386 | Lair:4   | Reached XP level 13. HP: 68/83 MP: 20/25
 14390 | Lair:4   | Reached skill level 15 in Polearms
 14676 | Lair:5   | Noticed Snorg
 14683 | Lair:5   | Killed Snorg
 14730 | Lair:5   | Found a hole to the Spider Nest.
 15098 | Lair:5   | Reached skill level 1 in Dodging
 15189 | Lair:5   | Reached skill level 1 in Armour
 15682 | Lair:6   | Noticed Rupert
 15857 | Lair:7   | Found an oddly glowing altar of Pakellas.
 16034 | Lair:7   | Reached skill level 16 in Polearms
 16540 | Lair:7   | Reached skill level 5 in Fighting
 16547 | Lair:7   | Reached XP level 14. HP: 94/98 MP: 24/26
 16622 | Lair:8   | Entered Level 8 of the Lair of Beasts
 16945 | Lair:8   | HP: 1/99 [spiny frog (19)]
 17287 | Lair:8   | Found a staircase to the Slime Pits.
 17655 | Lair:8   | Reached skill level 5 in Armour
 17718 | Lair:8   | Reached skill level 5 in Dodging
 18246 | Lair:6   | Found a staircase to the Swamp.
 18455 | Lair:6   | Learned a level 2 spell: Blink
 18457 | Lair:6   | Learned a level 1 spell: Apportation
 18469 | Lair:6   | Noticed Maud
 18485 | Lair:6   | Killed Maud
 18996 | Lair:6   | Noticed Nessos
 19023 | Lair:6   | Shot with an arrow by Nessos

Skill      XL: |  1  2  3  4  5  6  7  8  9 10 11 12 13 14 |
---------------+-------------------------------------------+-----
Polearms       | 2 3 4 5 6 7 10 11 12 13 14 16 | 16.0
Charms         | 3 5 7 8 |  8.0
Spellcasting   | 5 7 8 |  8.1
Dodging        | 3 6 |  6.0
Armour         | 3 6 |  6.0
Fighting       | 5 7 |  7.5

Action                   |  1- 3 |  4- 6 |  7- 9 | 10-12 | 13-15 || total
-------------------------+-------+-------+-------+-------+-------++-------
Melee: Spear             |   114 |   346 |    88 |       |       ||   548
       Trident           |       |       |   604 |   714 |   805 ||  2123
 Cast: Infusion          |    20 |    24 |    45 |    30 |     1 ||   120
       Shroud of Golubri |       |     5 |    13 |     4 |     3 ||    25
       Spectral Weapon   |       |       |    11 |    48 |    83 ||   142
Invok: Call Merchant     |       |       |       |     2 |       ||     2
Evoke: Wand              |       |       |     3 |     5 |     1 ||     9
  Use: Scroll            |     5 |     1 |    12 |     8 |    11 ||    37
 Stab: Distracted        |     1 |       |     6 |     7 |    14 ||    28
       Paralysed         |       |       |    11 |    12 |       ||    23
Armor: Leather armour    |    35 |   112 |   281 |    48 |       ||   476
       Scale mail        |       |       |       |   228 |   272 ||   500
Dodge: Dodged            |    40 |   160 |   288 |   160 |   193 ||   841
